 Dungeon Crawl Stone Soup version 0.27.1-3-gb3d3a73c9e (webtiles) character file.

Game seed: 8656286912991053488

43 MajorAdolf the Skirmisher (level 3, -2/38 HPs)
             Began as a Naga Wanderer on Oct 22, 2021.
             Slain by Robin (3 damage)
             ... on level 2 of the Dungeon.
             The game lasted 00:02:28 (1176 turns).

MajorAdolf the Skirmisher (Naga Wanderer)           Turns: 1176, Time: 00:02:28

Health: -2/38      AC:  3    Str: 14 (15) XL:     3   Next: 58%
Magic:  3/3        EV:  8    Int: 11 (12) God:
Gold:   72         SH:  0    Dex:  7 (10) Spells: 2/2 levels left

rFire    . . .     SeeInvis +   a - +2 mace
rCold    . . .     Faith    .   (no shield)
rNeg     . . .     Spirit   .   b - +0 ring mail
rPois    +         Reflect  .   (no helmet)
rElec    .         Harm     .   (no cloak)
rCorr    +         Rampage  .   (no gloves)
Will     .....                  (no barding)
Stlth    ..........             (no amulet)
HPRegen  0.12/turn              g - ring of resist corrosion
MPRegen  0.08/turn              (no ring)

@: very slow
A: AC +1, large, see invisible, deformed body, poison resistance, slowness 2,
spit poison 1, naga tail 1
a: Spit Poison


You were on level 2 of the Dungeon.
You visited 1 branch of the dungeon, and saw 2 of its levels.

You collected 72 gold pieces.

Inventory:

Hand Weapons
 a - a +2 mace (weapon)
Armour
 b - a +0 ring mail (worn)
Jewellery
 e - a ring of fire
 g - a ring of resist corrosion (left hand)
 h - an amulet of faith
Miscellaneous
 c - a piece from Xom's chessboard (15/15) (quivered)


   Skills:
 + Level 4.8 Fighting
 + Level 3.5 Maces & Flails
 - Level 1.0 Throwing
 - Level 1.0 Armour
 - Level 1.0 Evocations


You had 2 spell levels left.
You didn't know any spells.
Your spell library contained the following spells:

 Spells                   Type           Power      Damage    Failure   Level
 Animate Skeleton         Necr           0%         N/A       58%         1
 Apportation              Tloc           0%         N/A       58%         1
 Corona                   Hex            0%         N/A       58%         1
 Summon Small Mammal      Summ           0%         N/A       58%         1
 Gell's Gravitas          Tloc           0%         N/A       91%         3
 Lesser Beckoning         Tloc           0%         N/A       91%         3
 Teleport Other           Tloc           0%         N/A       91%         3


Dungeon Overview and Level Annotations

Branches:
Dungeon (2/15)

Altars:

Annotations:
D:2 Robin


Innate Abilities, Weirdness & Mutations

Your serpentine skin is tough. (AC +1)
You have supernaturally acute eyesight. (SInv)
Armour fits poorly on your strangely shaped body.
Your system is resistant to poisons. (rPois)
You cover ground very slowly.
You can spit poison.
You have a snake-like lower body.


Message History

Aim: a goblin, wielding a +0 dagger The splash of poison hits the goblin.
The goblin is poisoned.
The goblin is heavily wounded.
You kill the goblin!
Unknown command.
The goblin misses you. The goblin is pulled toward you! x2
The goblin hits you but does no damage.
You have got your breath back.
The goblin is pulled toward you!
Press: ? - help, Shift-Dir - straight line, f - goblin, p - goblin
Aim: a goblin, wielding a +0 dagger, wearing a +0 ring mail and quivering stones You fail to use your ability.
The goblin hits you with a +0 dagger.
* * * LOW HITPOINT WARNING * * *
Unknown command.
You sock the goblin!
You kill the goblin!
The goblin unwields a +0 dagger.
The goblin wields a +0 hunting sling.
The goblin shoots a stone.
The stone barely misses you.
Your ring mail prevents you from hitting the goblin.
The goblin hits you with a +0 club.
* * * LOW HITPOINT WARNING * * *
Unknown command.
You hit the goblin.
You kill the goblin!
Robin throws the goblin at you! The goblin barely misses you.
The goblin shoots a stone.
The stone hits you.
* * * LOW HITPOINT WARNING * * *
Robin is pulled toward you!
Unknown command.
You hit Robin.
Robin is lightly wounded.
The goblin hits you with a +0 dagger.
* * * LOW HITPOINT WARNING * * *
You feel less attractive to monsters.
Unknown command.
You hit Robin.
Robin is lightly wounded.
Robin hits you with a +0 trident.
You die...

.....#.##.#.## #.#
.###.#.##.#.# #.# .#
#......#.# #.#
.###.#.(###.# #.#
.....#......# #.#
##............#####.####
##.####.#####...gg.ggg.#
## ........#
####g#####.# ..
#......... #@#####.###
.. ..######..
#g##....g.# ####.. ..##
#.##.##.#g###.g... ....
#.## #.#gg..gg... ..#
#.. ..#####gJ).. ..#.
##. .... ####.. .... .
...#. .. .... .#... . >.
.>.. #... .. .#


You could see Robin and 3 goblins.

Vanquished Creatures
  2 dart slugs (D:1)
  5 bats
  2 endoplasms (D:1)
  A giant cockroach (D:1)
  10 goblins
  2 hobgoblins (D:1)
  3 quokkas (D:1)
  2 ball pythons (D:1)
  4 frilled lizards (D:1)
  2 kobolds (D:1)
  4 rats (D:1)
37 creatures vanquished.

Notes
Turn   | Place    | Note
-------+----------+-------------------------------------------
     0 | D:1      | MajorAdolf the Naga Wanderer began the quest for the Orb.
     0 | D:1      | MajorAdolf set off with the following items: a +2 mace, a
                  | +0 ring mail, a piece from Xom's chessboard (15/15)
     0 | D:1      | Reached XP level 1. HP: 22/22 MP: 1/1
    87 | D:1      | Reached XP level 2. HP: 25/31 MP: 2/2
   622 | D:1      | Reached XP level 3. HP: 37/37 MP: 3/3
  1147 | D:2      | Noticed Robin
  1174 | D:2      | HP: 1/38 [goblin/stone[Robin] (5)]
  1176 | D:2      | Slain by Robin

Illustrated notes

Levels and vault maps discovered:
D:1:      minmay_arrival_nine_rooms, layout_rooms
D:2:      layout_loops_cross, hellmonk_ecumenical_altar_pennies_from_heaven,
          uniq_robin, uniq_sigmund

Action                   || total
-------------------------++-------
Melee: Mace              ||    83
 Abil: Spit Poison       ||    10
  Use: Potion            ||     2
Armor: Ring mail         ||    56
Dodge: Dodged            ||    46
